 Dungeon Crawl Stone Soup version 0.28-a0-793-g31680bbd8b (webtiles) character file.

Game seed: 15026194441830093819

81 bande the Skirmisher (level 4, -1/29 HPs)
             Began as a Gargoyle Fighter on Nov 5, 2021.
             Slain by a gnoll (2 damage)
             ... on level 2 of the Dungeon.
             The game lasted 00:04:08 (1716 turns).

bande the Skirmisher (Gargoyle Fighter)             Turns: 1716, Time: 00:04:09

Health: -1/29      AC: 11    Str: 20    XL:     4   Next: 42%
Magic:  4/4        EV:  9    Int: 15    God:
Gold:   862        SH:  9    Dex:  9    Spells: 3/3 levels left

rFire   . . .      SeeInvis .   a - +1 war axe
rCold   . . .      Faith    .   c - +0 buckler
rNeg    + . .      Spirit   .   b - +0 scale mail
rPois   ∞          Reflect  +   m - +0 helmet
rElec   +          Harm     .   (no cloak)
rCorr   .          Rampage  .   (no gloves)
Will    .....                   (no boots)
Stlth   ..........              f - amulet of reflection
HPRegen 0.09/turn               h - +6 ring of intelligence
MPRegen 0.09/turn               (no ring)

@: no status effects
A: sickness immunity, AC +3, negative energy resistance 1, electricity
resistance, torment resistance 1, petrification resistance
a: no special abilities


You were on level 2 of the Dungeon.
You visited 1 branch of the dungeon, and saw 3 of its levels.

You collected 862 gold pieces.

Inventory:

Hand Weapons
 a - a +1 war axe (weapon)
 j - a +0 flail
Armour
 b - a +0 scale mail (worn)
 c - a +0 buckler (worn)
 m - a +0 helmet (worn)
Jewellery
 f - an amulet of reflection (around neck)
 h - a +6 ring of intelligence (left hand)
Scrolls
 e - 3 scrolls of teleportation
 l - a scroll of fog
Potions
 d - a potion of might
 g - a potion of haste {unknown}
 i - 3 potions of heal wounds
 k - a potion of invisibility {unknown}


   Skills:
 + Level 3.8 Fighting
 + Level 3.0 Axes
 + Level 3.8 Armour
 + Level 0.2 Dodging
 + Level 3.8 Shields


You had 3 spell levels left.
You didn't know any spells.
Your spell library contained the following spells:

 Spells                   Type           Power      Damage    Failure   Level
 Slow                     Hex            0%         N/A       58%         1
 Confusing Touch          Hex            0%         N/A       92%         3
 Vampiric Draining        Necr           0%         2d6       92%         3


Dungeon Overview and Level Annotations

Branches:
Dungeon (3/15)

Altars:

Shops:
D:2 (

Annotations:
D:3 Jessica


Innate Abilities, Weirdness & Mutations

You are immune to sickness and miasma.
Your stone body is resilient. (AC +3)
You are immune to poison.
You resist negative energy. (rN+)
You are resistant to electric shocks. (rElec)
You are resistant to unholy torment.
You are immune to petrification.


Message History

You kill the gnoll!
Your Axes skill increases to level 3!
No target in view!
No target in view!
No target in view!
No target in view!
You start resting.
HP restored.
You start waiting.
Done waiting.
There is a stone staircase leading down here.
You see here a +0 flail.
j - a +0 flail
There is a stone staircase leading down here.
You climb downwards.
Level annotation: Jessica The bat hits you but does no damage.
The gnoll misses you. The gnoll hits you with a +0 flail.
Jessica gestures wildly while chanting.
Jessica blinks!
There is a stone staircase leading up here.
The bat hits you but does no damage. The gnoll hits you but does no damage.
The gnoll hits you with a +0 flail.
You climb upwards.
There is a stone staircase leading down here.
Unknown command.
You hit the gnoll.
The gnoll is lightly wounded.
You hit the gnoll. The gnoll hits you with a +0 club.
The gnoll hits you with a +0 flail!
* * * LOW HITPOINT WARNING * * *
You are too injured to fight recklessly!
You are too injured to fight recklessly!
You slash the gnoll!
The gnoll is almost dead.
You hit the gnoll but do no damage. The gnoll hits you but does no damage.
The gnoll hits you with a +0 flail.
* * * LOW HITPOINT WARNING * * *
The gnoll hits you with a +0 club.
You die...

######## #......##
####.####..#
##..†.†..##.#
#.8#####8.#.#
#.##...##.#.#
#.#.8.8.#.#.#########
#.#.g@g.#.#.........#
#.#.8.8.#.#.........#
#.##...##.#.........#
#.8##'##8.#.........#
##.......##...).....##
#########...........#
#####..####.. ##.# ##.
#.# #.


You could see 2 gnolls.

Vanquished Creatures
  Robin (D:2)
  A gnoll (D:2)
  A worm (D:2)
  A dart slug (D:1)
  4 endoplasms (D:1)
  2 giant cockroaches
  12 goblins
  8 hobgoblins
  4 jackals (D:1)
  2 kobolds
  3 quokkas
  3 ball pythons
  2 bats
  A frilled lizard (D:1)
  A rat (D:2)
46 creatures vanquished.

Vanquished Creatures (others)
  A kobold (D:2)
1 creature vanquished.

Grand Total: 47 creatures vanquished

Notes
Turn   | Place    | Note
-------+----------+-------------------------------------------
     0 | D:1      | bande the Gargoyle Fighter began the quest for the Orb.
     0 | D:1      | Reached XP level 1. HP: 14/14 MP: 1/1
   130 | D:1      | Reached XP level 2. HP: 16/19 MP: 2/2
   668 | D:1      | Reached XP level 3. HP: 24/24 MP: 3/3
   758 | D:2      | Identified a scroll of acquirement
   758 | D:2      | Acquired 838 gold pieces
   889 | D:2      | Found Oschitang's Antique Weapon Emporium.
   926 | D:2      | Noticed Robin
   955 | D:2      | Killed Robin
   956 | D:2      | Reached XP level 4. HP: 17/29 MP: 4/4
  1483 | D:3      | Noticed Jessica
  1716 | D:2      | HP: 1/29 [gnoll (4)]
  1716 | D:2      | Slain by a gnoll

Illustrated notes

Levels and vault maps discovered:
D:1:      lordsloth_arrival_two_stooges, layout_loops_ring
D:2:      layout_rooms, serial_shops, nicolae_shop_window_shopping,
          grunt_ministairs_11, uniq_robin
D:3:      layout_loops_ring, general_overflow_altar,
          ebering_ecumenical_altar_mist, minivault_5, uniq_jessica

Skill      XL: |  1  2  3  4 |
---------------+-------------+-----
Axes           | 2 3 |  3.0
Fighting       | |  3.8
Armour         | |  3.8
Dodging        | |  0.2
Shields        | |  3.8

Action                   |  1- 3 |  4- 6 || total
-------------------------+-------+-------++-------
Melee: War axe           |    94 |    30 ||   124
  Use: Scroll            |     4 |     3 ||     7
Armor: Scale mail        |    46 |    10 ||    56
Dodge: Dodged            |    53 |     9 ||    62
Block: Buckler           |    64 |    16 ||    80
       Reflection        |     6 |       ||     6

Table legend: (Time is in decaauts)
 A = Elapsed time spent in this place.
 B = Non-inter-level travel time spent in this place.
 C = Inter-level travel time spent in this place.
 D = Time resting spent in this place.
 E = Time spent auto-exploring this place.
 F = Levels seen in this place.
 G = Mean time per level.
                   A        B        C        D        E       F      G
               +--------+--------+--------+--------+--------+-----+--------+
         Total |   1766 |   1736 |     30 |    330 |   1055 |   3 |  588.7 |
       Dungeon |   1766 |   1736 |     30 |    330 |   1055 |   3 |  588.7 |
               +--------+--------+--------+--------+--------+-----+--------+

Top non-repeatable levels by time:
     D:2: 990 daAuts
     D:1: 769 daAuts
     D:3: 6 daAuts
